 Dungeon Crawl Stone Soup version 0.19.4-9-g45fd643 (webtiles) character file.

3244 LORDOFBUTT the Covert (level 9, -4/45 HPs)
             Began as a Spriggan Assassin on Feb 19, 2017.
             Was an Initiate of Gozag.
             Slain by a yak (13 damage)
             ... on level 8 of the Dungeon.
             The game lasted 00:19:44 (9559 turns).

LORDOFBUTT the Covert (Spriggan Assassin)           Turns: 9559, Time: 00:19:44

Health: -4/45      AC:  3    Str:  9    XL:     9   Next: 67%
Magic:  1/16       EV: 23    Int: 13    God:    Gozag
Gold:   960        SH:  0    Dex: 18    Spells: 2 memorised, 11 levels left

rFire  . . .     SeeInvis +     z - +3 short sword
rCold  . . .     Gourm    .     c - +0 robe
rNeg   . . .     Faith    .     (shield restricted)
rPois  +         Spirit   .     (helmet restricted)
rElec  .         Reflect  .     d - +0 cloak
rCorr  .         Harm     .     (gloves unavailable)
MR     +....                    (boots unavailable)
Stlth  +++++.....               (no amulet)
                                (no ring)
                                p - ring of poison resistance

@: gold aura, very slightly contaminated, very quick
A: unfitting armour, see invisible, herbivore 3, speed 3, slow metabolism 2
a: Potion Petition, Call Merchant, Bribe Branch, Renounce Religion


You were on level 8 of the Dungeon.
You worshipped Gozag.
Gozag was pleased with you.
You were full.

You visited 1 branch of the dungeon, and saw 9 of its levels.
You also visited: Ossuary.

You collected 1315 gold pieces.
You spent 325 gold pieces at shops.
You paid 30 gold pieces to Gozag.

Inventory:

Hand Weapons
 b - a +0 blowgun
 z - a +3 short sword (weapon)
 C - a +2 dagger of protection
Missiles
 e - 53 poisoned needles
 f - 2 curare-tipped needles
Armour
 c - a +0 robe (worn)
 d - a +0 cloak (worn)
Jewellery
 n - an uncursed amulet of faith
 p - a ring of poison resistance (left hand)
 y - an uncursed amulet of guardian spirit {unknown}
 G - an uncursed ring of protection from fire {unknown}
Wands
 A - a wand of lightning (4/15)
 H - a wand of flame (17/48)
Scrolls
 h - 3 scrolls of fog
 i - 2 scrolls of remove curse
 k - a scroll of recharging
 q - 5 scrolls of magic mapping
 r - 2 scrolls of enchant weapon {unknown}
 u - 4 scrolls of amnesia
 v - 6 scrolls of immolation {unknown}
 x - 4 scrolls of teleportation
 D - a scroll of enchant armour {unknown}
 E - 2 scrolls of noise {unknown}
 F - 3 scrolls of identify
 I - a scroll of blinking {unknown}
 N - 2 scrolls of random uselessness {unknown}
 O - a scroll of vulnerability {unknown}
Potions
 j - 2 potions of curing {unknown}
 m - a potion of cure mutation
 o - 10 potions of degeneration {unknown}
 s - 2 potions of cancellation
 t - 2 potions of ambrosia
 w - 5 potions of flight
 J - a potion of might {unknown}
 K - 2 potions of berserk rage {unknown}
 L - 2 potions of agility {unknown}
Books
 a - a book of Maledictions

   Spells                             Type                      Level
   a - Corona                         Hexes                        1
   b - Ensorcelled Hibernation        Hexes/Ice                    2
   c - Confuse                        Hexes                        3
   d - Tukima's Dance                 Hexes                        3
   e - Dazzling Spray                 Conjuration/Hexes            3
 B - a book of Changes

   Spells                             Type                      Level
   a - Beastly Appendage              Transmutation                1
   b - Sticks to Snakes               Transmutation                2
   c - Spider Form                    Transmutation/Poison         3
   d - Ice Form                       Ice/Transmutation            4
   e - Blade Hands                    Transmutation                5
Comestibles
 l - 2 royal jellies


   Skills:
 + Level 4.0 Fighting
 * Level 8.0 Short Blades
 + Level 5.1 Throwing
 + Level 6.9 Dodging
 * Level 11.7 Stealth
 + Level 4.2 Spellcasting
 + Level 3.9 Hexes


You had 11 spell levels left.
You knew the following spells:

 Your Spells              Type           Power        Failure   Level  Hunger
a - Ensorcelled Hibernat  Hex/Ice        #.....       14%         2    ##.....
b - Confuse               Hex            ##......     14%         3    ###....


Dungeon Overview and Level Annotations

Branches:
Dungeon (9/15)             Temple (0/1) D:5
   Lair: D:8-11         Orc: D:9-12

Altars:
Dithmenos
Fedhas
Gozag
Hepliaklqana
Nemelex Xobeh
Sif Muna
Xom
Zin
Beogh

Shops:
D:5 :

Annotations:
D:5 exclusion: oklob plant, Dilettante's ghost, amateur VSSk


Innate Abilities, Weirdness & Mutations

You are very small and have problems with some larger weapons.
You are too small for most types of armour.
You have supernaturally acute eyesight. (SInv)
You are a herbivore.
You cover ground extremely quickly.
You need consume almost no food.


Message History

Casting: Ensorcelled Hibernation
Confirm with . or Enter, or press ? or * to list all spells.
Aiming: Ensorcelled Hibernation
Press: ? - help, Shift-Dir - straight line, f/p - ogre
Aim: an ogre, wielding a giant spiked club (chance to defeat MR: 38%)
The ogre resists with some effort.
The yak gores you!
* * * LOW HITPOINT WARNING * * *
The ogre is distracted by the nearby gold.
The river rat bites you.
* * * LOW HITPOINT WARNING * * *
The ogre shouts!
Casting: Ensorcelled Hibernation
Confirm with . or Enter, or press ? or * to list all spells.
Aiming: Ensorcelled Hibernation
Press: ? - help, Shift-Dir - straight line, f/p - ogre
Aim: an ogre, wielding a giant spiked club (chance to defeat MR: 38%)
The ogre is no longer distracted by gold.
The ogre resists with some effort.
The yak gores you!
You die...
Your body crumbles into a pile of gold.

#.......## ##.....##
#.###.#..##
##.......## #.#
#.#...####.........###
#.#
#......[.'.........'..
#.#
###...####.........###
#.# #...# ##.......##
#.#####<#.# ##.....##
#.......#O# ##...##
#########@# ##'##
#.oYr# #.#
#.###########.#
#.#........##.##
#.#.######.#...##
#.#.# #..<...#####
#.#.# #.#...##....
#.#.######.##.###.###
#.................#


You could see a yak, an ogre, a river rat and an orc.

Vanquished Creatures
  Prince Ribbit (D:5)
  Grum (D:8)
  5 orc warriors
  2 ogres
  2 centaurs (D:8)
  A wolf (D:8)
  2 big kobolds (D:7)
  5 bullfrogs
  A scorpion (D:8)
  A killer bee (D:6)
  3 wights (D:8)
  3 howler monkeys
  2 crimson imps
  3 human zombies (Ossuary)
  5 hounds
  A jelly (D:7)
  6 orc priests
  2 bullfrog skeletons
  5 orc wizards
  7 worker ants
  2 hound zombies (D:8)
  3 hound skeletons
  4 mummies (Ossuary)
  A worker ant zombie (D:9)
  3 gnolls (D:4)
  8 adders
  2 shadow imps
  An ooze (D:1)
  An adder zombie (D:6)
  2 adder skeletons
  2 worms (D:5)
  2 dart slugs
  10 leopard geckos
  25 orcs
  A ball python (D:1)
  5 giant cockroaches
  A goblin (D:2)
  6 hobgoblins
  7 jackals
  16 kobolds
  2 quokkas
  9 bats
  3 frilled lizards
  A hobgoblin zombie (Ossuary)
  A jackal skeleton (D:7)
  A leopard gecko zombie (D:5)
  4 orc zombies (Ossuary)
  8 rats
189 creatures vanquished.

Vanquished Creatures (collateral kills)
  An adder zombie (D:5)
  A fungus (D:5)
2 creatures vanquished.

Vanquished Creatures (others)
  16 toadstools (D:5)
16 creatures vanquished.

Grand Total: 207 creatures vanquished

Notes
Turn   | Place    | Note
-------+----------+-------------------------------------------
     0 | D:1      | LORDOFBUTT the Spriggan Assassin began the quest for the Orb.
     0 | D:1      | Reached XP level 1. HP: 10/10 MP: 2/2
   110 | D:1      | Reached skill level 6 in Stealth
   315 | D:1      | Reached XP level 2. HP: 14/14 MP: 3/3
   754 | D:2      | Found a deep blue altar of Sif Muna.
   798 | D:2      | Reached XP level 3. HP: 16/18 MP: 4/4
   825 | D:2      | Found a shimmering altar of Xom.
   826 | D:2      | Found a shimmering altar of Xom.
   826 | D:2      | Found a shimmering altar of Xom.
  1372 | D:3      | Reached skill level 7 in Stealth
  1535 | D:3      | Found a shadowy altar of Dithmenos.
  1564 | D:3      | Reached XP level 4. HP: 22/23 MP: 5/5
  1908 | D:3      | Found a faded altar of an unknown god.
  1908 | D:3      | Found a faded altar of an unknown god.
  1914 | D:3      | Found an opulent altar of Gozag.
  1916 | D:3      | Found a faded altar of an unknown god.
  1918 | D:3      | Found a faded altar of an unknown god.
  1972 | D:3      | Became a worshipper of Gozag Ym Sagoz the Greedy
  2370 | D:4      | Reached XP level 5. HP: 23/26 MP: 6/6
  2716 | D:5      | Entered Level 5 of the Dungeon
  2731 | D:5      | Noticed Dilettante's ghost (amateur VSSk)
  2792 | D:5      | Reached XP level 6. HP: 26/30 MP: 7/7
  2806 | D:5      | Found a hazy altar of Hepliaklqana.
  2806 | D:5      | Noticed Prince Ribbit
  2815 | D:5      | Killed Prince Ribbit
  2815 | D:5      | Reached skill level 8 in Stealth
  2823 | D:5      | Found a staircase to the Ecumenical Temple.
  2922 | D:5      | Found Emuyrpho's Book Boutique.
  2941 | D:5      | Found a sparkling altar of Nemelex Xobeh.
  3023 | D:5      | Found a blossoming altar of Fedhas.
  3044 | D:5      | Noticed an oklob plant
  3651 | D:5      | Reached skill level 5 in Short Blades
  3651 | D:5      | Reached XP level 7. HP: 26/35 MP: 8/8
  4602 | D:5      | Bought a book of Maledictions for 325 gold pieces
  4605 | D:5      | Learned a level 2 spell: Ensorcelled Hibernation
  4609 | D:5      | Learned a level 3 spell: Confuse
  5028 | D:6      | Found a glowing silver altar of Zin.
  5050 | D:6      | Reached skill level 9 in Stealth
  5187 | D:6      | Reached skill level 1 in Spellcasting
  5483 | D:6      | Reached skill level 1 in Hexes
  5737 | D:6      | Reached skill level 5 in Dodging
  5922 | D:6      | Reached XP level 8. HP: 27/39 MP: 1/11
  6409 | D:7      | Reached skill level 10 in Stealth
  7299 | D:8      | Found a sand-covered staircase.
  7426 | Ossuary  | Entered an ossuary
  8088 | D:8      | Reached XP level 9. HP: 32/44 MP: 11/14
  8384 | D:8      | Reached skill level 11 in Stealth
  8541 | D:8      | Found a roughly hewn altar of Beogh.
  8542 | D:8      | Noticed Grum
  8602 | D:8      | Killed Grum
  8602 | D:8      | Reached skill level 5 in Throwing
  9559 | D:8      | Slain by a yak

Skill      XL: |  1  2  3  4  5  6  7  8  9 |
---------------+----------------------------+-----
Stealth        | 6 7 8 9 10 11 | 11.7
Dodging        | 2 3 4 5 6 |  6.9
Short Blades   | 3 4 5 6 7 8 |  8.0
Throwing       | 3 4 5 |  5.1
Fighting       | 2 3 4 |  4.0
Spellcasting   | 1 3 4 |  4.2
Hexes          | 1 2 3 |  3.9

Action                   |  1- 3 |  4- 6 |  7- 9 || total
-------------------------+-------+-------+-------++-------
Melee: Dagger            |   156 |   361 |   925 ||  1442
       Broad axe         |       |     9 |       ||     9
       Short sword       |       |       |    73 ||    73
 Fire: Blowgun           |       |       |     5 ||     5
 Cast: Ensorcelled Hiber |       |       |    41 ||    41
       Confuse           |       |       |    17 ||    17
Invok: Potion Petition   |       |       |     1 ||     1
  Use: Scroll            |       |    11 |     3 ||    14
       Potion            |       |     1 |     2 ||     3
 Stab: Sleeping          |    14 |    13 |    25 ||    52
       Distracted        |     1 |     2 |     5 ||     8
       Confused          |       |       |     6 ||     6
       Invisible         |       |       |    21 ||    21
  Eat: Bread ration      |       |       |     3 ||     3
       Pizza             |       |       |     1 ||     1
Armor: Robe              |    13 |    22 |   105 ||   140
Dodge: Dodged            |   120 |   198 |   651 ||   969
